 Dungeon Crawl Stone Soup version 0.29-a0-330-g52719c12eb (webtiles) character file.

Game seed: 372548833302271560

2 kae the Sneak (level 1, 0/9 HPs)
             Began as a Spriggan Enchanter on Apr 23, 2022.
             Frozen to death by an endoplasm (4 damage)
             ... on level 1 of the Dungeon.
             The game lasted 00:00:19 (99 turns).

kae the Sneak (Spriggan Enchanter)                    Turns: 99, Time: 00:00:19

Health: 0/9        AC:  2    Str:  4    XL:     1   Next: 25%
Magic:  5/5        EV: 17    Int: 16    God:
Gold:   13         SH:  0    Dex: 15    Spells: 5/5 levels left

rFire   . . .      SeeInvis +   a - +1 dagger
rCold   . . .      Faith    .   (no shield)
rNeg    . . .      Spirit   .   b - +0 robe
rPois   .          Reflect  .   (helmet restricted)
rElec   .          Harm     .   (no cloak)
rCorr   .          Rampage  .   (gloves unavailable)
Will    .....                   (boots unavailable)
Stlth   +++.......              (no amulet)
HPRegen 0.03/turn               (no ring)
MPRegen 0.09/turn               (no ring)

@: very quick
A: very small, no large weapons, unfitting armour, see invisible, speed 3
a: no special abilities


You were on level 1 of the Dungeon.
You visited 1 branch of the dungeon, and saw 1 of its levels.

You collected 13 gold pieces.

Inventory:

Hand Weapons
 a - a +1 dagger (weapon)
Armour
 b - a +0 robe (worn)
Jewellery
 e - a ring of poison resistance
Scrolls
 d - a scroll of identify {unknown}
Potions
 c - 2 potions of invisibility


   Skills:
 + Level 1.1 Short Blades
 + Level 2.7 Dodging
 + Level 4.4 Stealth
 + Level 2.7 Spellcasting
 + Level 3.6 Hexes


You had 5 spell levels left.
You didn't know any spells.
Your spell library contained the following spells:

 Spells                   Type           Power      Damage    Failure   Level
 Confusing Touch          Hex            13%        N/A       13%         3
 Tukima's Dance           Hex            13%        N/A       13%         3
 Ensorcelled Hibernation  Hex/Ice        16%        N/A       14%         2
 Dazzling Flash           Conj/Hex       16%        N/A       26%         3


Dungeon Overview and Level Annotations

Branches:
Dungeon (1/15)

Altars:


Innate Abilities, Weirdness & Mutations

You are very small and have problems with some larger weapons.
You are too small for most types of armour.
You have supernaturally acute eyesight. (SInv)
You cover ground extremely quickly. (Speed+++)


Message History

You now have 5 gold pieces (gained 1).
There is a fountain of clear blue water here.
You now have 6 gold pieces (gained 1).
You open the door.
There is an open door here.
You open the door.
Found 7 gold pieces and a scroll labelled POMPIEQACOA.
There is an open door here.
Found a knobbly ivory ring.
d - a scroll labelled POMPIEQACOA
e - a ring of poison resistance A rat comes into view.
Found an escape hatch in the floor.
You see here 7 gold pieces.
Found a whip.
The rat misses you.
You hit the rat.
You kill the rat!
You now have 13 gold pieces (gained 7).
A kobold comes into view. It is wielding a +0 short sword.
You see here a rat corpse.
The kobold shouts!
There is an escape hatch in the floor here.
You hit the kobold.
You kill the kobold!
Things that are here:
a +0 short sword; a kobold corpse
Things that are here:
a +0 short sword; a kobold corpse
Found a dagger.
An endoplasm comes into view.
The endoplasm freezes you.
You are frozen.
Ouch! That really hurt!
You hit the endoplasm but do no damage. The endoplasm misses you.
You hit the endoplasm.
The endoplasm is lightly wounded.
The endoplasm freezes you.
You are frozen.
You die...

...####.).>...### ##... .#
###.#...#...####.....
###.....#...###..#...# #
....### #†.........###...#
.#### #...####...)......
.########...##....#######.
..................#
####'###########..#
..'8.8+........#@.#
..#...#........#J.#
..##+##....⌠...#..#
..............##..#
....<....######...#
#.......## ...# #########
####


You could see an endoplasm.

Vanquished Creatures
  A kobold (D:1)
  A rat (D:1)
2 creatures vanquished.

Notes
Turn   | Place    | Note
-------+----------+-------------------------------------------
     0 | D:1      | kae the Spriggan Enchanter began the quest for the Orb.
     0 | D:1      | Reached XP level 1. HP: 9/9 MP: 5/5
    99 | D:1      | Frozen to death by an endoplasm

Illustrated notes

Levels and vault maps discovered:
D:1:      giann_wishing_wells, layout_rooms, shapermc_ecumenical_altar_gd,
          serial_shops, nicolae_shop_statue_plus

Action                   || total
-------------------------++-------
Melee: Dagger            ||     4
Dodge: Dodged            ||     2

Table legend: (Time is in decaauts)
 A = Elapsed time spent in this place.
 B = Non-inter-level travel time spent in this place.
 C = Inter-level travel time spent in this place.
 D = Time resting spent in this place.
 E = Time spent auto-exploring this place.
 F = Levels seen in this place.
 G = Mean time per level.
                   A        B        C        D        E       F      G
               +--------+--------+--------+--------+--------+-----+--------+
         Total |     64 |     15 |     49 |      0 |      0 |   1 |   64.0 |
       Dungeon |     64 |     15 |     49 |      0 |      0 |   1 |   64.0 |
               +--------+--------+--------+--------+--------+-----+--------+

Top non-repeatable levels by time:
     D:1: 64 daAuts
